 Dungeon Crawl Stone Soup version 0.20-a0-922-g6936b3b (webtiles) character file.

206 Devintownsend the Shield-Bearer (level 5, -10/70 HPs)
             Began as a Minotaur Fighter on Mar 25, 2017.
             Killed by divine providence
             ... invoked by an orc priest
              (13 damage)
             ... on level 4 of the Dungeon.
             The game lasted 00:07:22 (2838 turns).

Devintownsend the Shield-Bearer (Minotaur Fighter)  Turns: 2838, Time: 00:07:23

Health: -10/70     AC: 22    Str: 26    XL:     5   Next: 53%
Magic:  4/4        EV:  2    Int:  5    God:
Gold:   80         SH: 10    Dex: 10    Spells: 4/4 levels left

rFire    . . .     SeeInvis .   i - -1 flail (curse)
rCold    . . .     Gourm    .   c - +0 shield
rNeg     + + +     Faith    +   (armour currently unavailable)
rPois    +         Spirit   .   (helmet currently unavailable)
rElec    .         Reflect  .   (cloak currently unavailable)
rCorr    .         Harm     .   (gloves currently unavailable)
MR       .....     NoTele   +   (boots currently unavailable)
Stlth    +.........             s - amulet of faith
Regen    0.3/turn               (no ring)
MPRegen  0.1/turn               (no ring)

@: mighty, tree-form
A: (retaliatory headbutt), (horns 0)
a: no special abilities


You were on level 4 of the Dungeon.
You were not hungry.
You were a tree.
You visited 1 branch of the dungeon, and saw 4 of its levels.

You collected 80 gold pieces.

Inventory:

Hand Weapons
 a - a +1 war axe
 i - a cursed -1 flail (weapon)
Armour
 b - a +0 scale mail (melded)
 c - a +0 shield (worn)
 h - a +0 pair of gloves (melded)
 k - a +0 cloak (melded)
Jewellery
 s - an amulet of faith (around neck)
Scrolls
 o - 5 scrolls of identify
 q - a scroll of enchant weapon
 r - a scroll of magic mapping
Potions
 j - a potion of degeneration
 l - a potion of cancellation {unknown}
Comestibles
 f - a bread ration
 g - 5 fruits
 p - a royal jelly
 t - a chunk of flesh


   Skills:
 + Level 4.9 Fighting
 + Level 3.8 Axes
 + Level 4.8 Armour
 + Level 5.1 Shields


You had 4 spell levels left.
You didn't know any spells.

Dungeon Overview and Level Annotations

Branches:
Dungeon (4/15)             Temple (0/1) D:4

Altars:

Shops:
D:4 (


Innate Abilities, Weirdness & Mutations

((You reflexively headbutt those who attack you in melee.))
((You have a pair of horns on your head.))


Message History

You block the orc's attack. You block the orc wizard's attack.
The orc hits you but does no damage.
It was a potion of flight.
Your roots keep you in place.
The orc wizard gestures wildly while chanting.
The orc wizard blinks!
The orc wizard hits you but does no damage.
It was a potion of magic.
Magic courses through your body.
The orc wizard hits you but does no damage.
The orc priest calls upon Beogh to heal the orc wizard.
The orc wizard is healed somewhat.
The orc wizard hits you but does no damage.
You barely miss the orc wizard.
The orc wizard is severely wounded.
The orc wizard barely misses you. You block the orc wizard's attack.
The orc priest looks satisfied for a moment.
The orc wizard points at you and mumbles some strange words.
The magic dart hits you!
The orc priest invokes the aid of Beogh against you.
Beogh smites you!
You die...

*,,,,,,,,,,...o.#.**##*,#
,,*,***>,,*,,.....,,.##.#
,,,,* **,**,,..<..,,....#
***** *,**,,.(.#.##.#..#
*,****#.##.o.....# #
**+** #.###%....## ###*
**,,,** #.# #.....#
..,***,,,,,**#.###§###.#
#*,**,,,,,,,*#.)♣oo....#
#*,*,,,,,,,,,####o..####
##****###**,,+...o...#
..#####.###,,####...##
#..##...#.#,** #..##
......##.##** #.##
###...#.## #.# ....##.##
#.# #...#.## #######.#


You could see an orc priest, 2 orc wizards and an orc.

Vanquished Creatures
  A hound (D:4)
  Robin (D:4)
  4 gnolls
  4 adders
  2 worms (D:2)
  3 dart slugs
  2 leopard geckos
  2 orcs
  A giant cockroach (D:1)
  21 goblins
  9 hobgoblins
  7 bats
  5 frilled lizards
  7 kobolds
  5 rats
74 creatures vanquished.

Notes
Turn   | Place    | Note
-------+----------+-------------------------------------------
     0 | D:1      | Devintownsend the Minotaur Fighter began the quest for the Orb.
     0 | D:1      | Reached XP level 1. HP: 19/19 MP: 0/0
    91 | D:1      | Reached XP level 2. HP: 27/27 MP: 1/1
   164 | D:1      | Reached skill level 4 in Shields
   500 | D:2      | Reached XP level 3. HP: 33/33 MP: 2/2
   541 | D:2      | Reached XP level 4. HP: 37/41 MP: 3/3
  2302 | D:4      | Noticed Robin
  2312 | D:4      | Reached XP level 5. HP: 40/47 MP: 4/4
  2324 | D:4      | Killed Robin
  2741 | D:4      | Reached skill level 5 in Shields
  2802 | D:4      | Found Yxkajebut's Weapon Shop.
  2835 | D:4      | HP: 2/70 [orc wizard/puff of flame (7)]
  2838 | D:4      | Killed from afar by an orc priest

Vault maps used:
D:1:      dpeg_arrival_fog
D:3:      kennysheep_big_flooded_room
D:4:      wad_crossroads, temple_pool_b, serial_shops, shop_fountains,
          first_bread, st_stairs_7, corexii_leaking_fountain, minmay_distorted,
          uniq_robin

Skill      XL: |  1  2  3  4  5 |
---------------+----------------+-----
Shields        | 4 5 |  5.1
Fighting       | 4 |  4.9
Armour         | 4 |  4.8
Axes           | 3 |  3.8

Action                   |  1- 3 |  4- 6 || total
-------------------------+-------+-------++-------
Melee: War axe           |    54 |     4 ||    58
       Headbutt          |     8 |    20 ||    28
       Flail             |       |   147 ||   147
  Use: Scroll            |       |     6 ||     6
       Potion            |       |     4 ||     4
  Eat: Chunk             |       |     6 ||     6
Armor: Scale mail        |    25 |    83 ||   108
       Skin              |       |    12 ||    12
Dodge: Dodged            |    27 |    40 ||    67
Block: Shield            |    45 |    98 ||   143
